 Dungeon Crawl Stone Soup version bcrawl-1.12-8-g964540c432 (webtiles) character file.

Game seed: 2437929115209793091

5317 EnegeticOcto the Cleaver (level 10, -1/88 HPs)
             Began as a Minotaur Sloth Apostle on June 9, 2019.
             Was a High Priest of Cheibriados.
             Slain by a wolf (10 damage)
             ... on level 8 of the Dungeon.
             The game lasted 00:06:03 (7737 turns).

EnegeticOcto the Cleaver (Minotaur Sloth Apostle)   Turns: 7737, Time: 00:06:03

Health: -1/88      AC:  8    Str: 31    XL:     10   Next: 38%
Magic:  10/10      EV: 10    Int: 20    God:    Cheibriados [*****.]
Gold:   569        SH: 31    Dex: 21    Spells: 10/11 levels left

rFire    . . .     SeeInvis .   b - +1 war axe (chop)
rCold    . . .     Gourm    +   v - +18 shield of the Gong {rElec rN+ MR+ EV-5}
rNeg     + . .     Faith    .   r - +0 ring mail
rPois    .         Spirit   .   q - +0 hat
rElec    +         Reflect  .   (no cloak)
rCorr    .         Harm     .   s - +0 pair of gloves
MR       +....                  (no boots)
Stlth    ++........             p - amulet of the gourmand
HPRegen  0.24/turn              (no ring)
MPRegen  0.12/turn              (no ring)

@: very slightly contaminated, invisible, very slow
A: retaliatory headbutt, horns 2
a: Bend Time, Temporal Distortion, Slouch, Step From Time, Renounce Religion


You were on level 8 of the Dungeon.
You worshipped Cheibriados.
Cheibriados was extremely pleased with you.
You were completely stuffed.

You visited 1 branch of the dungeon, and saw 8 of its levels.

You collected 569 gold pieces.

Inventory:

Hand Weapons
 b - a +1 war axe of chopping (weapon)
Missiles
 y - a throwing net (quivered) {!f!f}
Armour
 q - a +0 hat (worn)
 r - a +0 ring mail (worn)
 s - a +0 pair of gloves (worn)
 v - the +18 shield of the Gong (worn) {rElec rN+ MR+ EV-5}
   (You found it on level 6 of the Dungeon)

   It affects your evasion (-5).
   It insulates you from electricity.
   It protects you from negative energy.
   It affects your resistance to hostile enchantments.
Jewellery
 p - an amulet of the gourmand (around neck)
Wands
 d - a wand of paralysis (7)
 n - a wand of iceblast (15)
Scrolls
 a - a scroll of identify {@r1}
 g - 2 scrolls of enchant weapon
 i - 6 scrolls of remove curse {@r2}
 l - 2 scrolls of magic mapping {@r5 !r}
 m - 2 scrolls of immolation
 x - a scroll of fog {!r}
 A - 2 scrolls of teleportation
Potions
 f - 2 potions of magic
 h - a potion of lignification {@q6}
 j - 3 potions of curing {unknown}
 k - 2 potions of agility {unknown}
 o - 4 potions of flight
 t - a potion of heal wounds {unknown}
 u - 2 potions of might {unknown}
 z - a potion of brilliance {unknown}
Comestibles
 e - 21 rations {!d}


   Skills:
 + Level 8.0 Fighting
 * Level 10.9 Axes
 + Level 7.3 Armour
 + Level 6.6 Dodging
 - Level 2.6 Stealth
 + Level 8.0 Shields
 - Level 1.0 Spellcasting
 - Level 0.5 Hexes
 + Level 0.7 Invocations
 - Level 0.8 Evocations


You had 10 spell levels left.
You knew the following spells:

 Your Spells              Type           Power        Failure   Level  Hunger
a - Slow                  Hex            #.......     43%         1    ##.....
Your spell library was empty.

Dungeon Overview and Level Annotations

Branches:
Dungeon (8/12)             Temple (0/1) D:7
   Lair: D:7-10         Orc: D:8-11

Altars:
Ashenzari
Dithmenos
Elyvilon
Kikubaaqudgha
Okawaru
Trog
Vehumet
Xom

Annotations:
D:4 exclusion: 2 goblins


Innate Abilities, Weirdness & Mutations

You reflexively headbutt those who attack you in melee.
You have a pair of horns on your head.


Message History

Cheibriados thoroughly appreciates the change of pace.
Your Fighting skill increases to level 8!
The centaur shoots an arrow.
The arrow hits you!
* * * LOW HITPOINT WARNING * * *
The orc wizard gestures wildly while chanting.
The orc wizard seems to speed up.
The centaur shoots an arrow.
BOUMMMMG!
You block the arrow.
You fade into invisibility!
The centaur shoots an arrow.
PTOANNNG!
You block the arrow.
An orc comes into view.
It is wielding a +1 dagger of electrocution.
The orc shouts!
You hear an angry growl.
You hear a bellow!
You are very lightly contaminated with residual magic.
The centaur shoots an arrow.
The centaur warrior wields a +0 longbow.
The centaur warrior shoots an arrow.
The centaur shoots an arrow.
A wolf comes into view.
The orc shouts!
Items here: ))) ††† You block the orc wizard's attack.
BOUMMMMG!
You block the orc wizard's attack.
BONNNG!
The orc wizard hits you but does no damage.
You hear a shout! x3
You slice the orc wizard!!
You kill the orc wizard!
Cheibriados appreciates the change of pace.
The centaur shoots an arrow.
GONNNNG!
You block the arrow.
The centaur warrior shoots an arrow.
The arrow hits the orc.
The centaur shoots an arrow.
PANG!
You block the arrow.
You hear a shout!
You catch the helpless orc completely off-guard!
You slice the orc!!
You kill the orc!
Cheibriados appreciates the change of pace.
You miss the wolf. You block the wolf's attack.
GONNNNG!
The centaur warrior shoots an arrow.
The arrow hits you!
* * * LOW HITPOINT WARNING * * *
You block the wolf's attack.
PANG!
The centaur shoots an arrow.
GONNNNG!
You block the arrow.
You closely miss the wolf. Your headbutt misses the wolf.
You block the wolf's attack.
GONNNNG!
The wolf barely misses you. You furiously retaliate!
You headbutt the wolf, but do no damage.
You hear a shout!
You closely miss the wolf. You hit the centaur.
The centaur unwields a +0 shortbow.
You block the centaur's attack.
BONNNG!
You block the wolf's attack.
BONNNG!
You hear a bellow!
You barely miss the wolf. Your headbutt misses the wolf.
Your shield prevents you from hitting the centaur.
The centaur warrior shoots an arrow.
PTOANNNG!
You block the arrow. You block the wolf's attack.
GONNNNG!
You block the centaur's attack.
GONNNNG!
The centaur closely misses you. You furiously retaliate!
You headbutt the centaur. The wolf misses you. You furiously retaliate!
You headbutt the wolf.
The centaur warrior shoots an arrow.
GONNNNG!
You block the arrow.
You closely miss the wolf. Your headbutt misses the wolf.
The wolf is moderately wounded.
You catch the helpless centaur completely off-guard!
You slash the centaur!
You kill the centaur!
Cheibriados thoroughly appreciates the change of pace.
You block the wolf's attack.
SHROANNG!
The centaur warrior shoots an arrow.
GONNNNG!
You block the arrow. You block the wolf's attack.
SHROANNG!
You slash the wolf!
You headbutt the wolf, but do no damage.
The wolf is severely wounded.
You block the wolf's attack.
GONNNNG!
The centaur warrior shoots an arrow.
The arrow barely misses the wolf.
You hit the wolf but do no damage. You headbutt the wolf.
The wolf is severely wounded.
You block the wolf's attack.
BONNNG!
The centaur warrior shoots an arrow.
GONNNNG!
You block the arrow. The wolf bites you!
You die...

## ###. ....##
#..#########
#......h..#####
#÷..()@<.......
#.†..†...c.....
###...[.#########
#÷.).####
#...##..# .....##
###.# ...# ..# ..
... . ....


You could see a centaur warrior and a wolf.

Vanquished Creatures
  A two-headed ogre (D:8)
  An ugly thing (D:8)
  A manticore (D:8)
  A polar bear (D:8)
  Prince Ribbit (D:8)
  A hippogriff (D:8)
  A wyvern (D:5)
  3 hungry ghosts
  A steam dragon (D:8)
  A water moccasin (D:4)
  Duvessa (D:4)
  2 ice beasts
  2 sky beasts
  3 ogres
  2 phantoms
  2 centaurs (D:8)
  2 bullfrogs
  5 scorpions
  Dowan (D:4)
  4 wights (D:6)
  3 howler monkeys (D:8)
  2 crimson imps
  2 quasits
  5 orc priests
  2 hounds
  5 orc wizards
  5 worker ants
  A hound skeleton (D:6)
  2 worker ant zombies
  A howler monkey skeleton (D:8)
  4 gnolls (D:5)
  5 adders
  3 oozes
  5 worms
  3 dart slugs
  6 leopard geckos
  22 orcs
  2 giant cockroaches (D:1)
  5 goblins
  6 hobgoblins
  8 jackals
  4 quokkas
  2 ball pythons
  3 bats
  3 frilled lizards
  A jackal skeleton (D:4)
  A jackal zombie (D:5)
  7 kobolds
  A leopard gecko skeleton (D:6)
  7 rats
162 creatures vanquished.

Notes
Turn   | Place    | Note
-------+----------+-------------------------------------------
     0 | D:1      | EnegeticOcto the Minotaur Sloth Apostle began the quest for
                  | the Orb.
     0 | D:1      | Reached XP level 1. HP: 18/18 MP: 1/1
   212 | D:1      | Reached XP level 2. HP: 25/25 MP: 2/2
   319 | D:1      | Reached skill level 3 in Axes
   340 | D:1      | Reached skill level 1 in Armour
   566 | D:1      | Reached * piety under Cheibriados
   898 | D:1      | Reached XP level 3. HP: 30/30 MP: 3/3
  1327 | D:2      | Reached skill level 1 in Dodging
  1518 | D:2      | Found a bloodstained altar of Trog.
  1578 | D:2      | Found a shimmering altar of Xom.
  2079 | D:3      | Reached ** piety under Cheibriados
  2083 | D:3      | Reached XP level 4. HP: 23/38 MP: 4/4
  2354 | D:3      | Found a white marble altar of Elyvilon.
  2369 | D:3      | Noticed an ogre
  2376 | D:3      | Killed an ogre
  2376 | D:3      | Reached skill level 4 in Axes
  2376 | D:3      | Reached XP level 5. HP: 25/45 MP: 5/5
  3597 | D:4      | Reached XP level 6. HP: 52/52 MP: 6/6
  3604 | D:4      | Noticed a water moccasin
  3616 | D:4      | Killed a water moccasin
  3616 | D:4      | Reached skill level 5 in Axes
  3914 | D:4      | Noticed Dowan
  3915 | D:4      | Noticed Duvessa
  3923 | D:4      | Killed Dowan
  3928 | D:4      | HP: 3/78 [Duvessa/+2 rapier of draining (10)]
  3932 | D:4      | Killed Duvessa
  3932 | D:4      | Reached XP level 7. HP: 2/60 MP: 3/7
  3938 | D:4      | HP: 2/135 [phantom (4)]
  3943 | D:4      | Reached skill level 6 in Axes
  4356 | D:4      | Found an iron altar of Okawaru.
  4434 | D:4      | Found an ancient bone altar of Kikubaaqudgha.
  4435 | D:4      | Found a radiant altar of Vehumet.
  4476 | D:4      | Found a shattered altar of Ashenzari.
  4489 | D:5      | Entered Level 5 of the Dungeon
  4608 | D:5      | Reached *** piety under Cheibriados
  4849 | D:5      | Noticed a wyvern
  4863 | D:5      | Killed a wyvern
  4863 | D:5      | Reached skill level 5 in Fighting
  4863 | D:5      | Reached skill level 5 in Shields
  4863 | D:5      | Reached XP level 8. HP: 5/68 MP: 8/8
  4864 | D:5      | HP: 1/68 [gnoll (5)]
  4865 | D:5      | Reached skill level 7 in Axes
  4879 | D:5      | HP: 1/68 [orc/stone (4)]
  5258 | D:5      | Found a shadowy altar of Dithmenos.
  5971 | D:6      | Reached **** piety under Cheibriados
  5971 | D:6      | Reached skill level 8 in Axes
  5971 | D:6      | Reached skill level 5 in Armour
  6119 | D:6      | Found the +18 shield of the Gong {rElec rN+ MR+ EV-5}
  6295 | D:6      | Reached XP level 9. HP: 75/75 MP: 9/9
  6402 | D:6      | Reached skill level 5 in Dodging
  6533 | D:6      | Identified a scroll of acquirement
  6582 | D:7      | Reached skill level 9 in Axes
  6934 | D:7      | Found a staircase to the Ecumenical Temple.
  7137 | D:8      | Noticed a death yak
  7137 | D:8      | Noticed Prince Ribbit
  7171 | D:8      | Noticed a green ugly thing
  7180 | D:8      | Killed a green ugly thing
  7185 | D:8      | Reached ***** piety under Cheibriados
  7187 | D:8      | Noticed a polar bear
  7200 | D:8      | Killed a polar bear
  7200 | D:8      | Reached skill level 10 in Axes
  7205 | D:8      | Noticed a manticore
  7211 | D:8      | HP: 2/79 [manticore (7)]
  7212 | D:8      | Killed a manticore
  7212 | D:8      | Reached XP level 10. HP: 2/86 MP: 6/10
  7560 | D:8      | Noticed a two-headed ogre
  7570 | D:8      | Killed a two-headed ogre
  7574 | D:8      | Killed Prince Ribbit
  7725 | D:8      | Noticed a centaur warrior
  7737 | D:8      | Slain by a wolf

Skill      XL: |  1  2  3  4  5  6  7  8  9 10 |
---------------+-------------------------------+-----
Axes           | 3 4 5 6 8 10 | 10.9
Armour         | 1 2 3 4 5 6 7 |  7.3
Fighting       | 3 4 5 6 7 8 |  8.0
Dodging        | 1 2 3 4 6 |  6.6
Shields        | 3 4 5 6 7 8 |  8.0
Stealth        | |  2.6
Spellcasting   | |  1.0
Hexes          | |  0.5
Invocations    | |  0.7
Evocations     | |  0.8

Action                   |  1- 3 |  4- 6 |  7- 9 | 10-12 || total
-------------------------+-------+-------+-------+-------++-------
Melee: Hand axe          |    95 |   108 |   169 |       ||   372
       Headbutt          |    13 |    21 |    76 |     9 ||   119
       War axe           |       |       |    52 |    39 ||    91
Invok: Bend Time         |       |     1 |     1 |       ||     2
Evoke: Wand              |       |     3 |     5 |       ||     8
  Use: Scroll            |       |    10 |     5 |       ||    15
       Potion            |       |     2 |     1 |     1 ||     4
 Stab: Sleeping          |     5 |     2 |     2 |       ||     9
       Paralysed         |       |       |     1 |       ||     1
       Distracted        |       |       |     1 |     1 ||     2
       Invisible         |       |       |       |     2 ||     2
  Eat: Chunk             |     1 |     3 |    19 |       ||    23
Armor: Robe              |    10 |     1 |       |       ||    11
       Ring mail         |       |    19 |    63 |     6 ||    88
       Skin              |       |     4 |     2 |       ||     6
Dodge: Dodged            |    26 |    28 |    69 |     5 ||   128
Block: Shield            |    48 |    49 |   199 |    63 ||   359
